 Dungeon Sprint DCSS version 0.19-a0-895-gdbd5520 (webtiles) character file.

541 LORDOFBUTT the Unseen (level 7, -1/36 HPs)
             Began as a Spriggan Assassin on July 4, 2016.
             Was a Believer of Dithmenos.
             Slain by a slime creature (4 damage)
             ... in the Dungeon (Sprint IX: "|||||||||||||||||||||||||||||").
             The game lasted 00:01:29 (327 turns).

LORDOFBUTT the Unseen (Spriggan Assassin)            Turns: 327, Time: 00:01:30

Health: -1/36      AC:  3    Str: 10    XL:     7   Next: 5%
Magic:  8/8        EV: 30    Int: 12    God:    Dithmenos [**....]
Gold:   0          SH:  0    Dex: 20    Spells: 0 memorised, 6 levels left

rFire  . . .     SeeInvis +     t - +2 rapier (venom)
rCold  . . .     Gourm    .     c - +0 robe
rNeg   . . .     Faith    .     (shield restricted)
rPois  .         Spirit   .     (helmet restricted)
rElec  .         Dismiss  .     d - +0 cloak
rCorr  .         Reflect  .     (gloves unavailable)
SustAt .         Harm     .     (boots unavailable)
MR     +....     NoTele   +     (no amulet)
Stlth  +++++++++.               s - +3 ring of strength
                                r - +2 ring of evasion

@: wreathed by umbra, very quick, somewhat resistant to hostile enchantments,
incredibly stealthy
A: unfitting armour, see invisible, herbivore 3, speed 3, slow metabolism 2
a: Shadow Step, Renounce Religion


You were in the Dungeon.
You worshipped Dithmenos.
Dithmenos was pleased with you.
You were not hungry.

You visited 1 branch

Inventory:

Hand Weapons
 b - a +0 blowgun
 t - a +2 rapier of venom (weapon)
Missiles
 e - 8 poisoned needles
 f - 2 curare-tipped needles
Armour
 c - a +0 robe (worn)
 d - a +0 cloak (worn)
Jewellery
 r - a +2 ring of evasion (left hand)
 s - a +3 ring of strength (right hand)
Wands
 q - a wand of iceblast (7/15)
Scrolls
 m - 2 scrolls of blinking
 o - 3 scrolls of remove curse
 p - 2 scrolls of amnesia
Potions
 h - 5 potions of curing
 i - 2 potions of heal wounds
 j - a potion of haste
 k - 4 potions of magic
 l - a potion of berserk rage
 n - a potion of invisibility
Comestibles
 g - a bread ration


   Skills:
 + Level 3.2 Fighting
 + Level 7.1 Short Blades
 + Level 3.4 Throwing
 + Level 10.6 Dodging
 + Level 16.4 Stealth


You had 6 spell levels left.
You didn't know any spells.

Dungeon Overview and Level Annotations

Branches:
Dungeon (1/1)

Altars:
Cheibriados
Dithmenos
Elyvilon
Fedhas
Gozag
Hepliaklqana
Kikubaaqudgha
Makhleb
Nemelex Xobeh
Okawaru
Pakellas
Qazlal
Ru
Sif Muna
Trog
Uskayaw
Vehumet
Xom
Yredelemnul
Zin
The Shining One
Beogh
Jiyva
Lugonu


Innate Abilities, Weirdness & Mutations

You are tiny and cannot use many weapons and most armour.
You have supernaturally acute eyesight. (SInv)
You are a herbivore.
You cover ground extremely quickly.
You need consume almost no food.


Message History

The slime creature completely misses you.
You barely miss the slime creature.
The slime creature is heavily wounded.
You hit the slime creature.
The slime creature looks as sick as possible!
The slime creature is heavily wounded.
The slime creature hits you!!
Ouch! That really hurt!
You hit the slime creature.
The slime creature is severely wounded.
The slime creature hits you!
* * * LOW HITPOINT WARNING * * *
You hit the slime creature.
The slime creature is severely wounded.
The slime creature misses you.
You hit the slime creature.
The slime creature looks as sick as possible!
The slime creature is severely wounded.
The slime creature hits you.
You die...

▓)▓
▓.▓
▓.▓
▓.▓
▓.▓
▓.▓
▓.▓
▓'▓
▓@▓
▓J▓
▓C▓
▓F▓
▓y▓
▓c▓
▓+▓


You could see a slime creature, a hill giant, a giant frog, a wasp and a
centaur.

Vanquished Creatures
  A wraith (D)
  An ice beast (D)
  An orc warrior (D)
  A big kobold (D)
  A giant frog (D)
  A crimson imp (D)
  An iguana (D)
  2 adder skeletons (D)
  An orc (D)
  A bat zombie (D)
  A giant cockroach (D)
  A hobgoblin (D)
  A kobold (D)
  A giant newt (D)
  A quokka zombie (D)
  A rat (D)
17 creatures vanquished.

Vanquished Creatures (others)
  A spatial maelstrom (D)
1 creature vanquished.

Grand Total: 18 creatures vanquished

Notes
Turn   | Place    | Note
-------+----------+-------------------------------------------
     0 | D        | LORDOFBUTT the Spriggan Assassin began the quest for the Orb.
     0 | D        | Reached XP level 1. HP: 10/10 MP: 2/2
     5 | D        | Reached skill level 6 in Stealth
    13 | D        | Banished a spatial maelstrom
    14 | D        | Reached skill level 7 in Stealth
    27 | D        | Noticed an iguana
    31 | D        | Reached XP level 2. HP: 15/15 MP: 3/3
    39 | D        | Reached skill level 8 in Stealth
    50 | D        | Reached skill level 9 in Stealth
    50 | D        | Reached XP level 3. HP: 10/18 MP: 4/4
   176 | D        | Found a glowing silver altar of Zin.
   176 | D        | Found a glowing golden altar of the Shining One.
   176 | D        | Found an ancient bone altar of Kikubaaqudgha.
   176 | D        | Found a basalt altar of Yredelemnul.
   176 | D        | Found a shimmering altar of Xom.
   176 | D        | Found a radiant altar of Vehumet.
   177 | D        | Found an iron altar of Okawaru.
   178 | D        | Found a burning altar of Makhleb.
   179 | D        | Found a deep blue altar of Sif Muna.
   180 | D        | Found a bloodstained altar of Trog.
   181 | D        | Found a sparkling altar of Nemelex Xobeh.
   182 | D        | Found a white marble altar of Elyvilon.
   183 | D        | Found a roughly hewn altar of Beogh.
   184 | D        | Found a viscous altar of Jiyva.
   185 | D        | Found a corrupted altar of Lugonu.
   186 | D        | Found a blossoming altar of Fedhas.
   187 | D        | Found a snail-covered altar of Cheibriados.
   188 | D        | Found a shadowy altar of Dithmenos.
   189 | D        | Found a stormy altar of Qazlal.
   190 | D        | Found an opulent altar of Gozag.
   191 | D        | Found a sacrificial altar of Ru.
   192 | D        | Found an oddly glowing altar of Pakellas.
   193 | D        | Found a hide-covered altar of Uskayaw.
   194 | D        | Found a hazy altar of Hepliaklqana.
   198 | D        | Became a worshipper of Dithmenos the Shadowed
   242 | D        | Noticed an ice beast
   242 | D        | Noticed a big kobold
   242 | D        | Noticed a giant frog
   242 | D        | Noticed a wraith
   249 | D        | Reached skill level 11 in Stealth
   249 | D        | Reached XP level 4. HP: 23/23 MP: 5/5
   268 | D        | Killed an ice beast
   268 | D        | Reached * piety under Dithmenos
   268 | D        | Reached skill level 13 in Stealth
   268 | D        | Reached XP level 5. HP: 27/27 MP: 6/6
   277 | D        | Reached skill level 5 in Short Blades
   277 | D        | Reached skill level 14 in Stealth
   280 | D        | Reached XP level 6. HP: 30/32 MP: 7/7
   303 | D        | Killed a wraith
   303 | D        | Reached ** piety under Dithmenos
   303 | D        | Reached skill level 10 in Dodging
   303 | D        | Reached skill level 15 in Stealth
   311 | D        | Noticed an orc warrior
   311 | D        | Noticed a slime creature
   311 | D        | Noticed a hill giant
   313 | D        | Killed an orc warrior
   313 | D        | Reached skill level 16 in Stealth
   313 | D        | Reached XP level 7. HP: 22/36 MP: 8/8
   327 | D        | Slain by a slime creature

Vault maps used:
D:        linesprint

Skill      XL: |  1  2  3  4  5  6 |
---------------+-------------------+-----
Stealth        | 7 9 11 13 14 16 | 16.4
Short Blades   | 3 4 5 7 |  7.1
Fighting       | 2 3 |  3.2
Dodging        | 3 4 6 8 10 | 10.6
Throwing       | 3 |  3.4

Action                   |  1- 3 |  4- 6 |  7- 9 || total
-------------------------+-------+-------+-------++-------
Melee: Dagger            |    44 |       |       ||    44
       Rapier            |     7 |    55 |    12 ||    74
  Use: Potion            |       |       |     1 ||     1
 Stab: Sleeping          |     3 |     1 |       ||     4
       Distracted        |     1 |       |       ||     1
Armor: Robe              |     2 |     7 |       ||     9
Dodge: Dodged            |    34 |    48 |     7 ||    89
